 Dungeon Crawl Stone Soup version 0.17-a0-1942-g46ae386 (webtiles) character file.

54 Gorice the Skirmisher (level 3, -2/29 HPs)
             Began as a Mummy Wanderer on Sept 30, 2015.
             Slain by Natasha (6 damage)
             ... on level 2 of the Dungeon.
             The game lasted 00:03:53 (879 turns).

Gorice the Skirmisher (Mummy Wanderer)               Turns: 879, Time: 00:03:54

Health: -2/29      AC: 11    Str: 15    XL:     3   Next: 66%
Magic:  3/3        EV: 10    Int:  9    God:
Gold:   67         SH:  0    Dex: 14    Spells: 0 memorised, 2 levels left

rFire  x . .     SeeInvis .     a - +2 mace (protect)
rCold  + . .     Clarity  .     b - +0 ring mail
rNeg   + + +     SustAt   .     (no shield)
rPois  ∞         Gourm    .     (no helmet)
rElec  .         Spirit   .     d - +0 cloak
rCorr  .         Warding  .     (no gloves)
rMut   .         Stasis   .     (no boots)
MR     .....                    (no amulet)
Stlth  ++........               (no ring)
                                g - ring of stealth

@: not resistant to hostile enchantments, unstealthy
A: no food or potions, fire vulnerability, cold resistance 1, negative energy
resistance 3, torment resistance, unbreathing
a: no special abilities


You were on level 2 of the Dungeon.
You were not hungry.

You visited 1 branch of the dungeon, and saw 2 of its levels.

You collected 67 gold pieces.

Inventory:

Hand weapons
 a - a +2 mace of protection (weapon)
   (You found it on level 1 of the Dungeon)
Missiles
 f - 32 sling bullets
 i - 18 bolts
 Y - 2 throwing nets
 Z - 26 stones (quivered)
Armour
 b - a +0 ring mail (worn)
 d - a +0 cloak (worn)
Jewellery
 g - a ring of stealth (left hand)
Magical devices
 e - a wand of confusion (22)
Scrolls
 c - 2 scrolls of teleportation {!r}
 h - 3 scrolls of identify {unknown}
 j - a scroll of magic mapping {unknown}
 k - a scroll of enchant armour {unknown}


   Skills:
 + Level 3.5 Fighting
 * Level 2.9 Maces & Flails
   Level 1.0 Bows
 - Level 1.0 Throwing
 - Level 1.5 Armour
 - Level 1.0 Evocations


You had 2 spell levels left.
You didn't know any spells.

Dungeon Overview and Level Annotations

Branches:
Dungeon (2/15)

Altars:

Annotations:
D:2 Natasha


Innate Abilities, Weirdness & Mutations

You do not eat or drink.
Your flesh is vulnerable to fire.
You are immune to poison.
Your flesh is cold resistant.
You are immune to negative energy.
You are immune to unholy pain and torment.
You can survive without breathing.


Message History

You barely miss Natasha.
Natasha is heavily wounded.
Natasha claws you but does no damage.
You miss Natasha.
Natasha is heavily wounded.
Natasha mumbles some strange words.
You closely miss Natasha.
Natasha is heavily wounded.
Natasha claws you but does no damage. x2
You hit Natasha.
Natasha is severely wounded.
The crimson imp blinks!
Natasha claws you but does no damage.
You closely miss Natasha.
Natasha is severely wounded.
Natasha claws you.
Damage: 2 (max 6)
You closely miss Natasha.
Natasha is severely wounded.
The crimson imp blinks!
Natasha claws you.
Damage: 3 (max 6)
You hit Natasha but do no damage.
Natasha is severely wounded.
Natasha claws you!
The crimson imp blinks!
Natasha claws you.
* * * LOW HITPOINT WARNING * * *
Damage: 11 (max 11)
You miss Natasha.
Natasha is severely wounded.
The crimson imp barely misses you.
Natasha stares at you and mumbles some strange words.
The magic dart hits you!
* * * LOW HITPOINT WARNING * * *
Damage: 1 (max 11)
You barely miss Natasha.
Natasha is severely wounded.
The crimson imp blinks!
Natasha howls an incantation.
Natasha's fingertips start to glow.
Natasha stares at you and mumbles some strange words.
The magic dart hits you!
* * * LOW HITPOINT WARNING * * *
Damage: 2 (max 11)
You barely miss Natasha.
Natasha is severely wounded.
The crimson imp laughs crazily.
Natasha claws you but does no damage.
Unknown command.
You barely miss Natasha.
Natasha is severely wounded.
Natasha claws you.
You die...

######.## ##.##########
##.###.## ##...## #####
######
###################.....
......h@.........##.####
########5##.####.##.#
#.# #.##.# #.# #.##.#
#.# #.##.#
#.##.####.##.#
#.##.........#
#.#######.####
#.........#


You could see Natasha and a crimson imp.

Vanquished Creatures
  An adder (D:2)
  An ooze (D:1)
  A giant gecko (D:1)
  8 hobgoblins
  4 kobolds
  A quokka (D:2)
  2 bats
  4 giant newts
  9 goblins
  3 jackals (D:1)
  7 rats
41 creatures vanquished.

Notes
Turn   | Place    | Note
--------------------------------------------------------------
     0 | D:1      | Gorice the Mummy Wanderer began the quest for the Orb.
     0 | D:1      | Gorice set off with: a +2 mace, a +0 ring mail, a scroll of teleportation {!r}, a !bad item (cl:100,ty:0,pl:0,pl2:0,sp:0,qu:0), a !bad item (cl:100,ty:0,pl:0,pl2:0,sp:0,qu:0), a !bad item (cl:100,ty:0,pl:0,pl2:0,sp:0,qu:0), a !bad item (cl:100,ty:0,pl:0,pl2:0,sp:0,qu:0), a !bad item (cl:100,ty:0,pl:0,pl2:0,sp:0,qu:0), a !bad item (cl:100,ty:0,pl:0,pl2:0,sp:0,qu:0), a !bad item (cl:100,ty:0,pl:0,pl2:0,sp:0,qu:0), a !bad item (cl:100,ty:0,pl:0,pl2:0,sp:0,qu:0), a !bad item (cl:100,ty:0,pl:0,pl2:0,sp:0,qu:0), a !bad item (cl:100,ty:0,pl:0,pl2:0,sp:0,qu:0), a !bad item (cl:100,ty:0,pl:0,pl2:0,sp:0,qu:0), a !bad item (cl:100,ty:0,pl:0,pl2:0,sp:0,qu:0), a !bad item (cl:100,ty:0,pl:0,pl2:0,sp:0,qu:0), a !bad item (cl:100,ty:0,pl:0,pl2:0,sp:0,qu:0), a !bad item (cl:100,ty:0,pl:0,pl2:0,sp:0,qu:0), a !bad item (cl:100,ty:0,pl:0,pl2:0,sp:0,qu:0), a !bad item (cl:100,ty:0,pl:0,pl2:0,sp:0,qu:0), a !bad item (cl:100,ty:0,pl:0,pl2:0,sp:0,qu:0), a !bad item (cl:100,ty:0,pl:0,pl2:0,sp:0,qu:0), a !bad item (cl:100,ty:0,pl:0,pl2:0,sp:0,qu:0), a !bad item (cl:100,ty:0,pl:0,pl2:0,sp:0,qu:0), a !bad item (cl:100,ty:0,pl:0,pl2:0,sp:0,qu:0), a !bad item (cl:100,ty:0,pl:0,pl2:0,sp:0,qu:0), a !bad item (cl:100,ty:0,pl:0,pl2:0,sp:0,qu:0), a !bad item (cl:100,ty:0,pl:0,pl2:0,sp:0,qu:0), a !bad item (cl:100,ty:0,pl:0,pl2:0,sp:0,qu:0), a !bad item (cl:100,ty:0,pl:0,pl2:0,sp:0,qu:0), a !bad item (cl:100,ty:0,pl:0,pl2:0,sp:0,qu:0), a !bad item (cl:100,ty:0,pl:0,pl2:0,sp:0,qu:0), a !bad item (cl:100,ty:0,pl:0,pl2:0,sp:0,qu:0), a !bad item (cl:100,ty:0,pl:0,pl2:0,sp:0,qu:0), a !bad item (cl:100,ty:0,pl:0,pl2:0,sp:0,qu:0), a !bad item (cl:100,ty:0,pl:0,pl2:0,sp:0,qu:0), a !bad item (cl:100,ty:0,pl:0,pl2:0,sp:0,qu:0), a !bad item (cl:100,ty:0,pl:0,pl2:0,sp:0,qu:0), a !bad item (cl:100,ty:0,pl:0,pl2:0,sp:0,qu:0), a !bad item (cl:100,ty:0,pl:0,pl2:0,sp:0,qu:0), a !bad item (cl:100,ty:0,pl:0,pl2:0,sp:0,qu:0), a !bad item (cl:100,ty:0,pl:0,pl2:0,sp:0,qu:0), a !bad item (cl:100,ty:0,pl:0,pl2:0,sp:0,qu:0), a !bad item (cl:100,ty:0,pl:0,pl2:0,sp:0,qu:0), a !bad item (cl:100,ty:0,pl:0,pl2:0,sp:0,qu:0), a !bad item (cl:100,ty:0,pl:0,pl2:0,sp:0,qu:0), a !bad item (cl:100,ty:0,pl:0,pl2:0,sp:0,qu:0), a !bad item (cl:100,ty:0,pl:0,pl2:0,sp:0,qu:0), a !bad item (cl:100,ty:0,pl:0,pl2:0,sp:0,qu:0), a !bad item (cl:100,ty:0,pl:0,pl2:0,sp:0,qu:0), a !bad item (cl:100,ty:0,pl:0,pl2:0,sp:0,qu:0), a !bad item (cl:100,ty:0,pl:0,pl2:0,sp:0,qu:0)
     0 | D:1      | Reached XP level 1. HP: 18/18 MP: 1/1
    55 | D:1      | Reached skill level 2 in Maces & Flails
    58 | D:1      | Reached XP level 2. HP: 18/24 MP: 2/2
   375 | D:1      | Reached XP level 3. HP: 29/29 MP: 3/3
   865 | D:2      | Noticed Natasha
   875 | D:2      | HP: 7/29 [Natasha (3)]
   879 | D:2      | Slain by Natasha

Vault maps used:
D:1:      minmay_arrival_plants_in_alcoves, minmay_misc_feat_doors
D:2:      nicolae_overflow_hidden_temple, uniq_natasha

Action                   || total
-------------------------++-------
Melee: Mace              ||   114
 Stab: Sleeping          ||     5
       Distracted        ||     1

Table legend:
 A = Turns spent in this place as a percentage of turns spent in the entire game.
 B = Non-inter-level travel turns spent in this place as a percentage of non-inter-level travel turns spent in the entire game.
 C = Inter-level travel turns spent in this place as a percentage of turns spent in this place.
 D = Turns resting spent in this place as a percentage of non-inter-level travel turns spent in this place.
 E = Turns spent auto-exploring this place as a percentage of non-inter-level travel turns spent in this place.
 F = Non-inter-level travel turns spent in this place divided by the number of levels of this place that you've seen.
                   A       B       C       D       E      F
               +-------+-------+-------+-------+-------+----------------------
         Total | 100.0 | 100.0 |   0.3 |   0.0 |   7.4 | 196.5
       Dungeon | 100.0 | 100.0 |   0.3 |   0.0 |   7.4 | 196.5
               +-------+-------+-------+-------+-------+----------------------

Vault maps used:
D:1:      minmay_arrival_plants_in_alcoves, minmay_misc_feat_doors
D:2:      nicolae_overflow_hidden_temple, uniq_natasha
